 Dungeon Crawl Stone Soup version 0.31-a0-819-gf6de2f5ab6 (webtiles) character file.

Game seed: 728967851056009314

3464 qw the Skirmisher (level 10, -7/64 HPs)
             Began as a Gargoyle Hunter on Sept 23, 2023.
             Mangled by a troll (8 damage)
             ... on level 9 of the Dungeon.
             The game lasted 00:03:33 (7170 turns).

qw the Skirmisher (Gargoyle Hunter)                 Turns: 7170, Time: 00:03:33

Health: -7/64      AC: 16    Str: 16    XL:     10   Next: 6%
Magic:  0/10       EV: 15    Int:  9    God:
Gold:   352        SH:  0    Dex: 23    Spells: 9/9 levels left

rFire   + . .        Y - +0 orcbow
rCold   + . .        (shield currently unavailable)
rNeg    + . .        f - +2 robe {rC+ rF+}
rPois   inf          c - +1 hat
rElec   +            b - +1 cloak
rCorr   .            o - +1 pair of gloves
SInv    .            (no boots)
Will    .....        k - amulet of guardian spirit
Stlth   ++           e - +6 ring of dexterity
HPRegen 0.30/turn    (no ring)
MPRegen 0.12/turn

%: guardian spirit
@: about to teleport
A: sickness immunity, AC +7, negative energy resistance 1, electricity
resistance, torment resistance 1, petrification resistance
a: no special abilities


You were on level 9 of the Dungeon.
You visited 2 branches of the dungeon, and saw 10 of its levels.

You collected 352 gold pieces.


Innate Abilities, Weirdness & Mutations

You are immune to sickness and miasma.
Your stone body is resilient. (AC +7)
You are immune to poison.
You resist negative energy. (rN+)
You are resistant to electric shocks. (rElec)
You are resistant to unholy torment.
You are immune to petrification.


   Skills:
 - Level 8.0 Fighting
 + Level 11.4 Ranged Weapons
 - Level 2.0 Armour
 - Level 4.5 Dodging
 - Level 1.1 Stealth


You had 9 spell levels left.
You didn't know any spells.
Your spell library was empty.

Inventory:

Hand Weapons
 Y - a +0 orcbow (weapon)
Armour
 b - a +1 cloak (worn)
 c - a +1 hat (worn)
 f - a +2 robe of resistance (worn)
 o - a +1 pair of gloves (worn)
Jewellery
 e - a +6 ring of dexterity (left hand)
 j - a +6 ring of strength
 k - an amulet of guardian spirit (around neck)
 l - a ring of ice
Wands
 r - a wand of digging (6)
Scrolls
 g - a scroll of revelation {unknown}
 i - a scroll of poison {unknown}
 n - a scroll of identify
 s - 3 scrolls of teleportation
Potions
 a - a potion of mutation
 d - 2 potions of enlightenment
 h - a potion of invisibility {unknown}
 m - a potion of curing
 q - a potion of haste

Dungeon Overview and Level Annotations

Branches:
Dungeon (9/15)             Temple (1/1) D:4
   Lair: D:8-11         Orc: D:9-12

Altars:
Ashenzari
Cheibriados
Dithmenos
Elyvilon
Fedhas
Gozag
Hepliaklqana
Kikubaaqudgha
Makhleb
Nemelex Xobeh
Qazlal
Sif Muna
Vehumet
Wu Jian
Xom
Yredelemnul
Zin
The Shining One

Annotations:
D:6 1 runed translucent door, qw's ghost, novice GrHu
D:8 2 runed translucent doors, exclusion: moth of wrath


Message History

Enter note:
7162 |||
Found retreat position at 1,1 (floor) with 0 blocking monsters and 1 monsters attacking at destination at distance 1
7162 ||| Stepping ~*~*~tactically~*~*~ (retreating).
You shoot an arrow. The arrow hits the brown ugly thing!
The brown ugly thing is lightly wounded.
The brown ugly thing tentacle-slaps you!
You are splashed with acid!
You shoot an arrow. The arrow hits the brown ugly thing!
The brown ugly thing is moderately wounded.
The brown ugly thing misses you.
You shoot an arrow.
The arrow barely misses the brown ugly thing.
The brown ugly thing closely misses you.
Enter note:
Enter note:
Enter note:
Enter note:
Enter note: You shoot an arrow.
The arrow hits the brown ugly thing.
The brown ugly thing is moderately wounded.
The brown ugly thing tentacle-slaps you!
You are splashed with acid.
You shoot an arrow.
The arrow closely misses the brown ugly thing.
The brown ugly thing tentacle-slaps you.
You are splashed with acid!
7168 ||| READING 4 scrolls of teleportation.
As you read the scroll of teleportation, it crumbles to dust.
You feel strangely unstable.
The brown ugly thing tentacle-slaps you.
You are splashed with acid!
You shoot an arrow.
The arrow hits the brown ugly thing but does no damage.
The brown ugly thing is moderately wounded.
The troll barely misses you. The troll claws you but does no damage.
The troll claws you. The brown ugly thing misses you.
You shoot an arrow. The arrow hits the brown ugly thing!
The brown ugly thing is moderately wounded.
The troll bites you!
You die...

##.. #..#.#T#.#.# ....
##... ###.....#:# ....
.....###...T.#.#T# ....
#......#.......##... #.
#...........#.).#### ## ##
#+##....##....##.......
.###......# #..%###.......
..# #.....#
##uu###........ # ..#
#.....####.#@.!......#. ##
..###......##..T....##...#
... ...##.......>...#####
.... ....
...........###..# # ..##
.....###..## ##.# .. #
.....# ##.## #..# ...####
##...# #..# #..# ......#
##...## #..# ##.#### #...
#.....####.## ##..... ###.


You could see 2 ugly things and a troll.

Vanquished Creatures
  Pikel (D:7)
  Sigmund (D:2)
  A yak (D:9)
  A steam dragon (D:6)
  Menkaure (D:6)
  Duvessa (D:6)
  4 orc warriors
  An ice beast (D:6)
  An ogre (D:5)
  2 centaurs
  A kobold brigand (D:5)
  2 scorpions
  A gnoll sergeant (D:9)
  Dowan (D:6)
  6 wights
  4 killer bees (D:9)
  A jelly (D:5)
  5 orc priests
  3 hounds
  A sleepcap (D:5)
  4 iguanas
  7 orc wizards
  6 gnolls
  6 adders
  2 shadow imps
  5 white imps
  3 worms
  A dart slug (D:3)
  17 orcs
  7 bats
  6 endoplasms
  3 giant cockroaches
  5 goblins
  12 hobgoblins
  6 jackals (D:1)
  A quokka (D:1)
  7 ball pythons
  4 frilled lizards
  22 kobolds
  7 rats
170 creatures vanquished.

Vanquished Creatures (others)
  An orc wizard (D:7)
1 creature vanquished.

Grand Total: 171 creatures vanquished

Notes
Turn   | Place    | Note
-------+----------+-------------------------------------------
     0 | D:1      | qw the Gargoyle Hunter began the quest for the Orb.
     0 | D:1      | Reached XP level 1. HP: 12/12 MP: 1/1
     0 | D:1      | 0 ||| qw: Version: 0.3-a-83-gcd0e7d8
     0 | D:1      | 0 ||| qw: Game counter: 1544
     0 | D:1      | 0 ||| qw: Melee chars always use a shield: true
     0 | D:1      | 0 ||| qw: God list: Okawaru
     0 | D:1      | 0 ||| qw: Allow faded altars: false
     0 | D:1      | 0 ||| qw: Do Orc after clearing Dungeon:15 true
     0 | D:1      | 0 ||| qw: Do second Lair branch before Depths: true
     0 | D:1      | 0 ||| qw: Lair rune preference: random
     0 | D:1      | 0 ||| qw: Goals: Normal
     0 | D:1      | 0 ||| PLANNING D:1-11
   152 | D:1      | 152 ||| Stepping ~*~*~tactically~*~*~ (retreating).
   155 | D:1      | Reached XP level 2. HP: 13/17 MP: 2/2
   169 | D:1      | HP: 4/17 [jackal (3)]
   349 | D:1      | Reached XP level 3. HP: 21/21 MP: 3/3
   386 | D:1      | Reached skill level 5 in Ranged Weapons
  1179 | D:1      | 1179 ||| UPGRADING to amulet of guardian spirit.
  1184 | D:1      | 1184 ||| UPGRADING to +6 ring of dexterity.
  1185 | D:1      | 1185 ||| DROPPING +6 ring of intelligence.
  1186 | D:1      | 1186 ||| READING scroll labelled QEDIULEROE.
  1187 | D:1      | 1187 ||| READING scroll labelled QUOK COOKHLA.
  1188 | D:1      | 1188 ||| DRINKING 2 brown potions.
  1189 | D:1      | 1189 ||| DROPPING scroll of butterflies.
  1346 | D:2      | Noticed Sigmund
  1357 | D:2      | Killed Sigmund
  1358 | D:2      | Reached XP level 4. HP: 26/31 MP: 2/4
  1358 | D:2      | Reached XP level 5. HP: 30/35 MP: 2/5
  1361 | D:2      | 1361 ||| FLEEEEING.
  1418 | D:2      | Reached XP level 6. HP: 36/40 MP: 4/6
  1940 | D:2      | 1940 ||| UPGRADING to +1 cloak.
  1945 | D:2      | 1945 ||| UPGRADING to +0 ring mail.
  1955 | D:2      | 1955 ||| DROPPING +0 leather armour.
  1956 | D:2      | 1956 ||| READING scroll labelled RIEJAA CUBUMU.
  1978 | D:3      | 1978 ||| STAIRDANCE
  2188 | D:3      | Reached skill level 6 in Ranged Weapons
  2486 | D:3      | 2486 ||| UPGRADING to +1 hat.
  2491 | D:3      | 2491 ||| UPGRADING to +0 pair of gloves.
  2496 | D:3      | 2496 ||| READING scroll labelled JIACWE VAM MOE.
  2497 | D:3      | 2497 ||| READING scroll labelled GILEUD RORGHOO.
  2586 | D:4      | Reached XP level 7. HP: 44/44 MP: 5/7
  2759 | D:4      | Found an ornate altar of the Wu Jian Council.
  3056 | D:4      | Found a staircase to the Ecumenical Temple.
  3057 | D:4      | 3057 ||| PLANNING TEMPLE
  3064 | Temple   | Entered the Ecumenical Temple
  3065 | Temple   | 3065 ||| PLANNING D:1-11
  3191 | D:4      | 3191 ||| DRINKING 2 clear potions.
  3295 | D:4      | 3295 ||| DROPPING potion of berserk rage.
  3321 | D:5      | Entered Level 5 of the Dungeon
  3583 | D:5      | 3583 ||| FLEEEEING.
  3584 | D:5      | 3584 ||| FLEEEEING.
  3585 | D:5      | 3585 ||| FLEEEEING.
  3586 | D:5      | 3586 ||| FLEEEEING.
  3587 | D:5      | 3587 ||| STAIRDANCE
  3616 | D:4      | 3616 ||| DRINKING 3 puce potions.
  3617 | D:4      | 3617 ||| DROPPING 2 potions of degeneration.
  3628 | D:5      | Reached skill level 7 in Ranged Weapons
  3723 | D:5      | Found an opulent altar of Gozag.
  3838 | D:5      | 3838 ||| READING scroll labelled WAUNKAN QUDWA.
  3842 | D:5      | 3842 ||| DRINKING 2 metallic green potions.
  3843 | D:5      | 3843 ||| DRINKING 2 white potions.
  3937 | D:6      | Reached skill level 8 in Ranged Weapons
  3937 | D:6      | Reached XP level 8. HP: 26/50 MP: 3/8
  4140 | D:6      | Found a sparkling altar of Nemelex Xobeh.
  4154 | D:6      | Noticed Duvessa
  4154 | D:6      | Noticed Dowan
  4165 | D:6      | Killed Dowan
  4173 | D:6      | HP: 8/50 [Duvessa/+0 short sword (5)]
  4174 | D:6      | 4174 ||| DRINKING 3 potions of heal wounds.
  4185 | D:6      | Killed Duvessa
  4186 | D:6      | Reached skill level 9 in Ranged Weapons
  4341 | D:6      | 4341 ||| Stepping ~*~*~tactically~*~*~ (cloud).
  4360 | D:6      | HP: 8/50 [steam dragon/ball of steam (5)]
  4361 | D:6      | 4361 ||| DRINKING 2 potions of heal wounds.
  4366 | D:6      | Reached skill level 6 in Fighting
  4381 | D:6      | 4381 ||| FLEEEEING.
  4382 | D:6      | 4382 ||| FLEEEEING.
  4383 | D:6      | 4383 ||| FLEEEEING.
  4384 | D:6      | 4384 ||| FLEEEEING.
  4385 | D:6      | 4385 ||| FLEEEEING.
  4386 | D:6      | 4386 ||| FLEEEEING.
  4387 | D:6      | 4387 ||| FLEEEEING.
  4391 | D:6      | 4391 ||| FLEEEEING.
  4394 | D:6      | 4394 ||| FLEEEEING.
  4397 | D:6      | 4397 ||| FLEEEEING.
  4402 | D:6      | 4402 ||| FLEEEEING.
  4403 | D:6      | 4403 ||| FLEEEEING.
  4404 | D:6      | 4404 ||| FLEEEEING.
  4405 | D:6      | 4405 ||| FLEEEEING.
  4406 | D:6      | 4406 ||| FLEEEEING.
  4407 | D:6      | 4407 ||| FLEEEEING.
  4408 | D:6      | 4408 ||| FLEEEEING.
  4409 | D:6      | 4409 ||| FLEEEEING.
  4410 | D:6      | 4410 ||| FLEEEEING.
  4411 | D:6      | 4411 ||| FLEEEEING.
  4412 | D:6      | 4412 ||| FLEEEEING.
  4413 | D:6      | 4413 ||| FLEEEEING.
  4414 | D:6      | 4414 ||| FLEEEEING.
  4415 | D:6      | 4415 ||| FLEEEEING.
  4416 | D:6      | 4416 ||| FLEEEEING.
  4417 | D:6      | 4417 ||| FLEEEEING.
  4418 | D:6      | 4418 ||| FLEEEEING.
  4419 | D:6      | 4419 ||| FLEEEEING.
  4420 | D:6      | 4420 ||| FLEEEEING.
  4421 | D:6      | 4421 ||| FLEEEEING.
  4422 | D:6      | 4422 ||| FLEEEEING.
  4423 | D:6      | 4423 ||| FLEEEEING.
  4425 | D:6      | 4425 ||| FLEEEEING.
  4426 | D:6      | 4426 ||| FLEEEEING.
  4427 | D:6      | 4427 ||| FLEEEEING.
  4428 | D:6      | 4428 ||| FLEEEEING.
  4429 | D:6      | 4429 ||| FLEEEEING.
  4430 | D:6      | 4430 ||| FLEEEEING.
  4435 | D:6      | 4435 ||| FLEEEEING.
  4436 | D:6      | 4436 ||| FLEEEEING.
  4437 | D:6      | 4437 ||| FLEEEEING.
  4443 | D:6      | 4443 ||| FLEEEEING.
  4444 | D:6      | 4444 ||| FLEEEEING.
  4445 | D:6      | 4445 ||| FLEEEEING.
  4450 | D:6      | 4450 ||| FLEEEEING.
  4451 | D:6      | 4451 ||| FLEEEEING.
  4452 | D:6      | 4452 ||| FLEEEEING.
  4453 | D:6      | 4453 ||| FLEEEEING.
  4454 | D:6      | 4454 ||| FLEEEEING.
  4455 | D:6      | 4455 ||| FLEEEEING.
  4456 | D:6      | 4456 ||| FLEEEEING.
  4457 | D:6      | 4457 ||| FLEEEEING.
  4458 | D:6      | 4458 ||| FLEEEEING.
  4459 | D:6      | 4459 ||| FLEEEEING.
  4460 | D:6      | 4460 ||| FLEEEEING.
  4461 | D:6      | 4461 ||| FLEEEEING.
  4462 | D:6      | 4462 ||| FLEEEEING.
  4463 | D:6      | 4463 ||| FLEEEEING.
  4464 | D:6      | 4464 ||| FLEEEEING.
  4465 | D:6      | 4465 ||| FLEEEEING.
  4469 | D:6      | 4469 ||| FLEEEEING.
  4470 | D:6      | 4470 ||| FLEEEEING.
  4602 | D:6      | Noticed Menkaure
  4614 | D:6      | Killed Menkaure
  5033 | D:6      | HP: 9/51 [orc wizard/magic dart (7)]
  5034 | D:6      | 5034 ||| DRINKING potion of heal wounds.
  5036 | D:6      | Reached skill level 10 in Ranged Weapons
  5055 | D:6      | Reached XP level 9. HP: 36/55 MP: 4/9
  5215 | D:6      | Found a runed translucent door.
  5267 | D:6      | Noticed qw's ghost (novice GrHu)
  5269 | D:6      | 5269 ||| UPGRADING to +2 robe of resistance.
  5279 | D:6      | 5279 ||| DROPPING +0 ring mail.
  5280 | D:6      | 5280 ||| READING scroll labelled USTANE DOSCHETE.
  5281 | D:6      | 5281 ||| DRINKING 2 red potions.
  5282 | D:6      | 5282 ||| READING 2 scrolls of identify.
  5282 | D:6      | 5282 ||| IDENTIFYING fizzy orange potion
  5283 | D:6      | 5283 ||| DROPPING potion of attraction.
  5316 | D:7      | 5316 ||| READING scroll of enchant armour.
  5316 | D:7      | 5316 ||| ENCHANTING +0 pair of gloves.
  5318 | D:7      | Noticed Pikel
  5319 | D:7      | 5319 ||| RETREEAATING.
  5323 | D:7      | 5323 ||| Stepping ~*~*~tactically~*~*~ (retreating).
  5324 | D:7      | 5324 ||| Stepping ~*~*~tactically~*~*~ (retreating).
  5325 | D:7      | 5325 ||| Stepping ~*~*~tactically~*~*~ (retreating).
  5335 | D:7      | Killed Pikel
  5935 | D:7      | 5935 ||| DRINKING 2 blue potions.
  5966 | D:7      | 5966 ||| DRINKING 3 coppery potions.
  5967 | D:7      | 5967 ||| DROPPING potion of lignification.
  6027 | D:8      | 6027 ||| SWAPPING to +0 orcbow.
  6028 | D:8      | 6028 ||| DROPPING +0 shortbow of draining.
  6033 | D:8      | Found a radiant altar of Vehumet.
  6075 | D:8      | Found a large runed translucent door.
  6075 | D:8      | Found a large runed translucent door.
  6189 | D:8      | Noticed a moth of wrath
  6302 | D:8      | Identified the +0 hand axe of Duty {drain, rElec}
  6352 | D:8      | Found a burning altar of Makhleb.
  6423 | D:8      | Reached skill level 11 in Ranged Weapons
  6441 | D:8      | 6441 ||| DRINKING 2 potions of curing.
  6441 | D:8      | 6441 ||| (to cure confusion)
  6737 | D:8      | 6737 ||| READING scroll labelled BYPNEU SOUTO.
  7054 | D:9      | 7054 ||| RETREEAATING.
  7055 | D:9      | 7055 ||| STILL RETREEAATING.
  7060 | D:9      | 7060 ||| Stepping ~*~*~tactically~*~*~ (retreating).
  7061 | D:9      | 7061 ||| Stepping ~*~*~tactically~*~*~ (retreating).
  7062 | D:9      | 7062 ||| Stepping ~*~*~tactically~*~*~ (retreating).
  7063 | D:9      | 7063 ||| Stepping ~*~*~tactically~*~*~ (retreating).
  7064 | D:9      | 7064 ||| Stepping ~*~*~tactically~*~*~ (retreating).
  7075 | D:9      | Reached XP level 10. HP: 61/64 MP: 8/10
  7147 | D:9      | Noticed a white ugly thing
  7148 | D:9      | 7148 ||| Stepping ~*~*~tactically~*~*~ (retreating).
  7149 | D:9      | Noticed a brown ugly thing
  7150 | D:9      | 7150 ||| FLEEEEING.
  7152 | D:9      | 7152 ||| FLEEEEING.
  7153 | D:9      | 7153 ||| FLEEEEING.
  7154 | D:9      | 7154 ||| FLEEEEING.
  7155 | D:9      | 7155 ||| FLEEEEING.
  7156 | D:9      | 7156 ||| RETREEAATING.
  7157 | D:9      | 7157 ||| STILL RETREEAATING.
  7158 | D:9      | 7158 ||| FLEEEEING.
  7159 | D:9      | 7159 ||| STILL RETREEAATING.
  7162 | D:9      | 7162 ||| Stepping ~*~*~tactically~*~*~ (retreating).
  7167 | D:9      | HP: 14/64 [acid (7)]
  7168 | D:9      | 7168 ||| READING 4 scrolls of teleportation.
  7168 | D:9      | HP: 5/64 [acid (8)]
  7169 | D:9      | HP: 1/64 [troll (5)]
  7170 | D:9      | Mangled by a troll

Levels and vault maps discovered:
D:1:      heliophobic_arrival_glass_houses, layout_basic
D:2:      minmay_recursive_quarters, layout_basic, minmay_misc_feat_roman,
          uniq_sigmund
D:3:      layout_rooms
D:4:      layout_basic, nzn_wu_jian_council_hall, temple_fountains,
          kennysheep_donut
D:5:      layout_rooms, kennysheep_little_box, serial_glass, glass_columns_b,
          glass_columns_a, nicolae_letterblocks [nicolae_letter_subblock,
          nicolae_letter_subblock, nicolae_letter_subblock,
          nicolae_letter_subblock, nicolae_letter_subblock,
          nicolae_letter_subblock, nicolae_letter_subblock,
          nicolae_letter_subblock, nicolae_letter_subblock,
          nicolae_letter_subblock, nicolae_letter_subblock,
          nicolae_letter_subblock, nicolae_letter_subblock,
          nicolae_letter_subblock, nicolae_letter_subblock,
          nicolae_letter_subblock, nicolae_letter_subblock,
          nicolae_letter_subblock, nicolae_letter_subblock,
          nicolae_letter_subblock, nicolae_letter_subblock,
          nicolae_letter_subblock, nicolae_letter_subblock,
          nicolae_letter_subblock, nicolae_letter_subblock]
D:6:      layout_basic, mainiacjoe_overflow_boulevard,
          ebering_ghost_reflecting_pool, uniq_duvessa, uniq_menkaure
D:7:      layout_cave_pools, uniq_pikel
D:8:      layout_loops_ring, tgw_trog, mainiacjoe_overflow_catwalk,
          overflow_temple_1_default, jmf_multi_god_temple2
D:9:      kennysheep_blocky_hall, layout_layer_cave, minmay_checkerbox
Temple:   nicolae_temple_figure_eight

Skill      XL: |  1  2  3  4  5  6  7  8  9 |
---------------+----------------------------+-----
Ranged Weapons | 5 6 8 10 11 | 11.4
Fighting       | 5 6 8 |  8.0
Armour         | 2 |  2.0
Dodging        | 2 4 |  4.5
Stealth        | |  1.1

Action                     |  1- 3 |  4- 6 |  7- 9 | 10-12 || total
---------------------------+-------+-------+-------+-------++-------
   Fire: Shortbow          |   141 |   164 |   398 |       ||   703
         Orcbow            |       |       |    86 |    21 ||   107
    Use: Scroll            |     2 |     3 |     5 |     1 ||    11
         Potion            |     1 |       |    11 |       ||    12
 Armour: Leather armour    |    64 |    21 |       |       ||    85
         Ring mail         |       |    41 |   199 |       ||   240
         Robe              |       |       |    69 |    13 ||    82
  Dodge: Dodged            |    69 |    55 |   183 |    11 ||   318

Table legend:
 A = Non-vault XP
 B = Vault XP
 C = Vault XP percentage of total XP
 D = Non-vault monster count
 E = Vault monster count
 F = Vault count percentage of total count
                 A         B        C        D         E       F
            +---------+---------+-------+---------+---------+-------
      Total |    3431 |    1518 |  30.7 |     156 |      14 |   8.2
            +---------+---------+-------+---------+---------+-------
        D:1 |      52 |       0 |   0.0 |      31 |       0 |   0.0
        D:2 |      90 |     247 |  73.3 |      23 |       9 |  28.1
        D:3 |     214 |       0 |   0.0 |      23 |       0 |   0.0
        D:4 |      52 |       0 |   0.0 |       9 |       0 |   0.0
        D:5 |     450 |       0 |   0.0 |      17 |       0 |   0.0
        D:6 |     878 |     389 |  30.7 |      19 |       3 |  13.6
        D:7 |     706 |     673 |  48.8 |      15 |       1 |   6.2
        D:8 |     497 |       0 |   0.0 |       7 |       0 |   0.0
        D:9 |     492 |     209 |  29.8 |      12 |       1 |   7.7
            +---------+---------+-------+---------+---------+-------
